 Dungeon Crawl Stone Soup version 0.22-a0-322-g60b3cfd (webtiles) character file.

174 Goblin1989 the Changer (level 5, 0/37 HPs)
             Began as a Demonspawn Transmuter on Apr 5, 2018.
             Was a Follower of Jiyva.
             Killed from afar by an orc wizard (10 damage)
             ... with a magic dart
             ... on level 3 of the Dungeon.
             The game lasted 00:11:50 (4926 turns).

Goblin1989 the Changer (Demonspawn Transmuter)      Turns: 4926, Time: 00:11:51

Health: 0/37       AC:  3    Str: 12    XL:     5   Next: 28%
Magic:  8/8        EV: 12    Int: 14    God:    Jiyva [*.....]
Gold:   109        SH:  0    Dex: 13    Spells: 2/8 levels left

rFire    . . .     SeeInvis .     - Unarmed
rCold    . . .     Gourm    .   (no shield)
rNeg     . . .     Faith    .   b - +0 robe
rPois    .         Spirit   .   w - +0 helmet
rElec    .         Reflect  .   (no cloak)
rCorr    .         Harm     .   (no gloves)
MR       .....                  (no boots)
Stlth    +.........             (no amulet)
HPRegen  0.12/turn              (no ring)
MPRegen  0.11/turn              (no ring)

@: no status effects
A: powered by pain 1
a: Request Jelly, Renounce Religion


You were on level 3 of the Dungeon.
You worshipped Jiyva.
Jiyva was aware of your devotion.
You were hungry.

You visited 1 branch of the dungeon, and saw 3 of its levels.

You collected 109 gold pieces.

Inventory:

Hand Weapons
 g - a +0 hunting sling
 t - a +0 dagger of venom
Missiles
 a - 10 arrows
 f - 149 stones (quivered) {@Q3}
 n - 46 sling bullets
Armour
 b - a +0 robe (worn)
 w - a +0 helmet (worn)
Scrolls
 i - a scroll of random uselessness {unknown}
 k - a scroll of enchant weapon {unknown}
 o - a scroll of teleportation {unknown}
 p - a scroll of identify {unknown}
 r - a scroll of enchant armour {unknown}
 x - a scroll of remove curse {unknown}
Potions
 m - 2 potions of heal wounds {unknown}
 u - 2 potions of might {unknown}
 v - a potion of magic {unknown}
Comestibles
 e - 7 rations
 s - 2 chunks of flesh


   Skills:
 - Level 1.0 Fighting
 - Level 1.7 Dodging
 - Level 2.6 Unarmed Combat
 - Level 2.0 Spellcasting
 + Level 5.1 Transmutations


You had 2 spell levels left.
You knew the following spells:

 Your Spells              Type           Power        Failure   Level  Hunger
a - Beastly Appendage     Tmut           ###...       3%          1    ##.....
b - Spider Form           Tmut/Pois      #.........   26%         3    ####...
c - Sticks to Snakes      Tmut           ###.....     4%          2    ###....


Dungeon Overview and Level Annotations

Branches:
Dungeon (3/15)

Altars:
Ru
Jiyva


Innate Abilities, Weirdness & Mutations

You sometimes gain a little power by taking damage.


Message History

You hear a distant slurping noise.
Jiyva appreciates your sacrifice.
No target in view!
No target in view!
No target in view!
No target in view!
No target in view!
No target in view!
No target in view!
No target in view!
No target in view!
No target in view!
No target in view!
No target in view!
No target in view!
No target in view!
No target in view!
No target in view!
No target in view!
No target in view!
You butcher the rat corpse.
s - 3 chunks of flesh (gained 1)
You see here a rat skeleton. x2
Some of the chunks of flesh in your inventory have rotted away.
An orc wizard comes into view.
It is wielding a dagger of electrocution.
The orc wizard shouts!
An orc wizard comes into view. It is wielding a dagger.
There are monsters nearby!
There are monsters nearby!
Unknown command.
An orc wizard comes into view. It is wielding a dagger.
The orc wizard moves out of view.
The orc wizard shouts!
You hit the orc wizard.
The orc wizard is moderately wounded.
You miss the orc wizard.
The orc wizard is moderately wounded.
The orc wizard hits you with a dagger of electrocution.
You take 2 damage, and have 35/37 hp.
You closely miss the orc wizard.
The orc wizard is moderately wounded.
You are feeling hungry.
You barely miss the orc wizard. You hit the orc wizard.
The orc wizard is lightly wounded.
You barely miss the orc wizard.
The orc wizard is moderately wounded.
The orc wizard hits you with a dagger. The orc wizard casts a spell at you.
The puff of flame hits you!
You take 8 damage, and have 27/37 hp.
MASSIVE DAMAGE!!
You barely miss the orc wizard.
The orc wizard is moderately wounded.
The orc wizard hits you with a dagger.
The orc wizard gestures at you while chanting.
The magic dart hits you!
You take 7 damage, and have 20/37 hp.
You are too injured to fight recklessly!
You are too injured to fight recklessly!
You are too injured to fight recklessly!
You are too injured to fight recklessly!
You are too injured to fight recklessly!
You are too injured to fight recklessly!
You are too injured to fight recklessly!
You are too injured to fight recklessly!
You are too injured to fight recklessly!
You are too injured to fight recklessly!
You are too injured to fight recklessly!
You are too injured to fight recklessly!
You are too injured to fight recklessly!
You are too injured to fight recklessly!
You are too injured to fight recklessly!
You are too injured to fight recklessly!
You are too injured to fight recklessly!
You are too injured to fight recklessly!
You are too injured to fight recklessly!
You are too injured to fight recklessly!
You are too injured to fight recklessly!
You are too injured to fight recklessly!
You are too injured to fight recklessly!
You are too injured to fight recklessly!
You are too injured to fight recklessly!
You are too injured to fight recklessly!
You are too injured to fight recklessly!
Unknown command.
The orc wizard closely misses you.
The orc wizard gestures at you while chanting.
You resist with some effort.
The orc wizard gestures wildly while chanting.
The orc wizard seems to speed up.
The orc wizard casts a spell at you. The puff of flame hits you!
* * * LOW HITPOINT WARNING * * *
The orc wizard gestures wildly while chanting.
The orc wizard flickers and vanishes!
Deactivating autopickup; reactivate with Ctrl-A.
You take 11 damage, and have 10/37 hp.
MASSIVE DAMAGE!!
The orc wizard casts a spell at you. The magic dart hits you!
You die... █≈≈≈≈≈J≈≈≈≈≈≈.██.█ █≈.≈.≈..≈.≈.≈≈██.█ █≈≈≈....≈..≈..██.█ ████████████████.█ ████ █████████

███.████.... █.......█
██.█..≈....... █.█████.█
██.█...≈....... █.█
███.█████.....≈≈≈≈..J█ █.█
█........@.....≈......
█.███.█.███████....≈...█J.
█..........÷█ ██.o.≈≈≈≈█ █
███.█.█████.█ ███{o...█
█.█...█ █.█ ██...█⌂█
█.███.███.█ ██.█...███
█.........███..█...█
█████.██████...█.....█
██...████......███≈█


You could see 2 orc wizards.

Vanquished Creatures
  Robin (D:3)
  A gnoll (D:2)
  3 adders (D:2)
  3 oozes (D:1)
  A worm (D:3)
  4 dart slugs (D:2)
  2 orcs
  6 bats
  2 giant cockroaches
  10 hobgoblins
  10 jackals
  9 kobolds
  2 ball pythons (D:1)
  4 frilled lizards (D:2)
  18 goblins
  11 rats
87 creatures vanquished.

Vanquished Creatures (collateral kills)
  Jessica (D:2)
  A kobold (D:2)
2 creatures vanquished.

Vanquished Creatures (others)
  A gnoll (D:3)
  A rat (D:3)
2 creatures vanquished.

Grand Total: 91 creatures vanquished

Notes
Turn   | Place    | Note
-------+----------+-------------------------------------------
     0 | D:1      | Goblin1989 the Demonspawn Transmuter began the quest for the Orb.
     0 | D:1      | Reached XP level 1. HP: 15/15 MP: 3/3
    15 | D:1      | Reached skill level 2 in Transmutations
   146 | D:1      | Gained mutation: You sometimes gain a little power by taking damage. [demonic ancestry]
   146 | D:1      | Reached XP level 2. HP: 12/21 MP: 3/5
   634 | D:1      | Reached skill level 3 in Transmutations
   859 | D:1      | Reached XP level 3. HP: 15/26 MP: 6/6
   864 | D:1      | Learned a level 3 spell: Spider Form
  2304 | D:2      | Reached XP level 4. HP: 31/32 MP: 3/7
  2369 | D:2      | Reached skill level 4 in Transmutations
  2557 | D:2      | Learned a level 2 spell: Sticks to Snakes
  3645 | D:2      | Noticed Jessica
  3728 | D:2      | Killed Jessica
  4093 | D:3      | Reached XP level 5. HP: 32/37 MP: 1/8
  4094 | D:3      | Noticed Robin
  4131 | D:3      | Killed Robin
  4131 | D:3      | Reached skill level 5 in Transmutations
  4407 | D:3      | Found a faded altar of an unknown god.
  4430 | D:3      | Became a worshipper of Jiyva Jegint the Shapeless
  4430 | D:3      | Reached * piety under Jiyva
  4788 | D:3      | Found a sacrificial altar of Ru.
  4926 | D:3      | Killed from afar by an orc wizard

Vault maps used:
D:1:      erik_arrival_gehennom, serial_bayou_crossing
D:2:      dk_noncrumbling_3, serial_bayou_ford_a, serial_bayou_pond_b,
          serial_park_tiny_pond, uniq_jessica
D:3:      chequers_ecumenical_altar_island, first_ration, hangedman_ru_absence,
          uniq_robin

Skill      XL: |  1  2  3  4  5 |
---------------+----------------+-----
Transmutations | 2 3 4 5 |  5.1
Fighting       | |  1.0
Dodging        | |  1.7
Unarmed Combat | |  2.6
Spellcasting   | |  2.0

Action                   |  1- 3 |  4- 6 || total
-------------------------+-------+-------++-------
Melee: Unarmed           |   184 |   157 ||   341
       Kick              |     5 |       ||     5
       Headbutt          |     2 |       ||     2
       Punch             |     1 |     3 ||     4
Throw: Stone             |       |     3 ||     3
 Cast: Beastly Appendage |     3 |       ||     3
       Spider Form       |     2 |     7 ||     9
       Sticks to Snakes  |       |     2 ||     2
  Use: Potion            |       |     1 ||     1
 Stab: Sleeping          |     1 |     2 ||     3
  Eat: Chunk             |     5 |     6 ||    11
       Ration            |       |     1 ||     1
Armor: Robe              |    39 |    11 ||    50
       Skin              |       |     2 ||     2
Dodge: Dodged            |   125 |    94 ||   219

Table legend:
 A = Spawn XP
 B = Non-spawn XP
 C = Spawn XP percentage of total XP
 D = Spawn monster count
 E = Non-spawn monster count
 F = Spawn count percentage of total count
 G = Total turns spent on level
                    A         B        C        D         E        F      G
               +---------+---------+-------+---------+---------+-------+---------
         Total |       0 |     249 |   0.0 |       0 |      89 |   0.0 |  4926
               +---------+---------+-------+---------+---------+-------+---------
           D:1 |       0 |      60 |   0.0 |       0 |      28 |   0.0 |  2027
           D:2 |       0 |     131 |   0.0 |       0 |      38 |   0.0 |  2021
           D:3 |       0 |      58 |   0.0 |       0 |      23 |   0.0 |   878
               +---------+---------+-------+---------+---------+-------+---------

Vault maps used:
D:1:      erik_arrival_gehennom, serial_bayou_crossing
D:2:      dk_noncrumbling_3, serial_bayou_ford_a, serial_bayou_pond_b,
          serial_park_tiny_pond, uniq_jessica
D:3:      chequers_ecumenical_altar_island, first_ration, hangedman_ru_absence,
          uniq_robin
